cohdb
Replays
Latest Replays
All Replays
Popular Replays
Top Player Replays
Match Explorer
How It Works
Community
CoH3 Stats
Reddit
Sign in to upload your games and track your stats! →
Sign in with Steam
Match 37499053
Unlisted
Match 37499053
Overview
Messages
Build Orders
End
Panzergrenadier Squad
Selects Italian Infantry
Selects Italian Infantry
Kradschützen Motorcycle Team
Panzergrenadier Squad
250 Light Carrier
Panzerpioneer Squad
Construct Light Support Kompanie
Panzerpioneer Squad
Combat Half-tracks
2.5-tonne Medical Truck
Selects Guastatori Squad
Panzerjäger Mechanized Group
Selects L6/40 Light Tank Combat Group
Selects Defensive Operations
L6/40 Light Tank Combat Group
Guastatori Squad
Fire Support Elements
Construct Panzerarmee Kommand
Vehicle Survival Package
Armored Reserves
Selects Towed Cannone da 105/28 Field Howitzer
Selects Prepared Positions
Severn
Zorg
SneaKerz
gb_gbg
0
0
Comments
sign in to comment!
No comments posted yet!